 Dungeon Crawl Stone Soup version 0.30-a0-728-gc68057be0a (webtiles) character file.

Game seed: 7009005042201694264

245 warriortoast the Trooper (level 6, -6/51 HPs)
             Began as a Barachi Fighter on Jan 30, 2023.
             Engulfed by a steam dragon's steam (9 damage)
             ... on level 4 of the Dungeon.
             The game lasted 00:06:39 (3052 turns).

warriortoast the Trooper (Barachi Fighter)          Turns: 3052, Time: 00:06:40

Health: -6/51      AC: 16    Str: 20    XL:     6   Next: 10%
Magic:  6/6        EV:  9    Int:  8    God:
Gold:   240        SH:  4    Dex: 11    Spells: 5/5 levels left

rFire   . . .      SeeInvis .    v - +2 mace (protect)
rCold   . . .      Faith    .    c - +0 buckler
rNeg    . . .      Spirit   .    b - +0 scale mail
rPois   .          Reflect  .    p - +0 helmet
rElec   .          Harm     .    (no cloak)
rCorr   +          Rampage  .    (no gloves)
Will    .....                    r - +0 pair of boots Stlth
                                 (no amulet)
HPRegen 0.28/turn                q - ring of resist corrosion
MPRegen 0.10/turn                (no ring)

@: under a protective aura, slow
A: amphibious, slowness 1, strong legs 1, +LOS
a: Hop


You were on level 4 of the Dungeon.
You visited 1 branch of the dungeon, and saw 4 of its levels.

You collected 240 gold pieces.

Inventory:

Hand Weapons
 a - a +0 war axe
 v - a +2 mace of protection (weapon)
Missiles
 i - 4 javelins
 o - 7 boomerangs (quivered)
 w - 2 poisoned darts
Armour
 b - a +0 scale mail (worn)
 c - a +0 buckler (worn)
 p - a +0 helmet (worn)
 r - a +0 pair of boots (worn)
Jewellery
 q - a ring of resist corrosion (left hand)
 z - a ring of positive energy
Scrolls
 g - a scroll of vulnerability
 j - 2 scrolls of teleportation
 n - 2 scrolls of identify {unknown}
 t - a scroll of blinking {unknown}
 y - a scroll of brand weapon {unknown}
Potions
 d - 2 potions of might
 e - a potion of resistance
 f - a potion of degeneration {unknown}
 h - 4 potions of attraction {unknown}
 k - a potion of cancellation {unknown}
 l - 2 potions of curing {unknown}
 s - a potion of haste {unknown}
 u - a potion of invisibility {unknown}
 x - a potion of lignification {unknown}


   Skills:
 + Level 5.5 Fighting
 + Level 4.3 Axes
 + Level 2.7 Throwing
 - Level 3.7 Armour
 - Level 3.3 Shields


You had 5 spell levels left.
You didn't know any spells.
Your spell library contained the following spells:

 Spells                   Type           Power      Damage    Failure   Level
 Blink                    Tloc           0%         N/A       94%         2
 Lesser Beckoning         Tloc           0%         N/A       94%         2
 Momentum Strike          Conj/Tloc      0%         3d8       94%         2
 Call Canine Familiar     Summ           0%         N/A       99%         3
 Dazzling Flash           Conj/Hex       0%         N/A       99%         3
 Ignite Poison            Fire/Tmut/Pois 0%         N/A       99%         3
 Portal Projectile        Hex/Tloc       0%         N/A       99%         3
 Iskenderun's Mystic Bla  Conj/Tloc      0%         2d3       100%        4
 Leda's Liquefaction      Hex/Erth       0%         N/A       100%        4
 Sticky Flame             Conj/Fire      0%         2d3       100%        4
 Starburst                Conj/Fire      0%         6d3       100%        6
 Ignition                 Fire           0%         3d3       100%        8


Dungeon Overview and Level Annotations

Branches:
Dungeon (4/15)
 Temple: D:4-7

Altars:
Ru


Innate Abilities, Weirdness & Mutations

You are amphibious.
You cover ground slowly.
You can hop short distances.
You have an extended range of vision and can be seen from far away.


Message History

The steam dragon closely misses you.
The steam dragon claws you but does no damage.
You hit the steam dragon.
Your weapon exudes an aura of protection.
The steam dragon is lightly wounded.
The steam dragon barely misses you. You block the steam dragon's attack.
You hit the steam dragon but do no damage.
The steam dragon is lightly wounded.
The steam dragon bites you. You block the steam dragon's attack.
You hit the steam dragon but do no damage.
The steam dragon is lightly wounded.
The steam dragon bites you but does no damage.
The steam dragon claws you but does no damage.
A hobgoblin comes into view.
The steam dragon breathes steam at you. The ball of steam hits you.
The hobgoblin shouts!
You thump the steam dragon!
The steam dragon is moderately wounded.
You are engulfed in a cloud of scalding steam.
The steam dragon barely misses you.
The steam dragon claws you but does no damage.
A worm comes into view.
You closely miss the steam dragon.
The steam dragon is moderately wounded.
The steam dragon barely misses you.
The steam dragon claws you but does no damage.
The steam dragon breathes steam at you. The ball of steam hits you!!
* * * LOW HITPOINT WARNING * * *
You hit the steam dragon.
The steam dragon is heavily wounded.
You are engulfed in a cloud of scalding steam.
* * * LOW HITPOINT WARNING * * *
You block the steam dragon's attack. The steam dragon barely misses you.
The hobgoblin hits you but does no damage.
You barely miss the steam dragon.
The steam dragon is heavily wounded.
You are engulfed in a cloud of scalding steam.
You die...

,,,**,,**,,,,##....#,,,*,,,,,**,,
*****,,**,,,,#.....#,,,*,,,,,,*,,
*,,,,,,,,,#.§.§.#,,,*,,,,,,*,,
*,,,,,,,,,*#....#*,,#,,,,,****
*,,,,,,,,,*#§.§<#*,.#*,,,,**,,
*,,,**,,,,*#....##..##,,,,**,,
**+***,,,,*#.........#,,,,,,,,
**,,**,,,,,#.§§......#,,,,,,,,
*,,,,,,,,,,+.@.....$.#,,,,,,,,
*,,,,,,,,,*#gD.###..##,,,,,,,,
*****,,^,,,,,*#...#**..#*,,,,,,,,
,,,**,,**,,,,*#w...,,,...,,>,,,,,
,,,*,,,*******#.....,,....,,,,,,,
,,,*,,,,,,,,,,.......,,##.,*,,,,*
,,,*,,,,,,,,,*######..,*#+###****
,,,*,,,,,,,,,**,,,**...*#...*
,,,*,,,,,,,,,*,,,,**,..##...*


You could see a steam dragon (catching breath), a worm and a hobgoblin.

Vanquished Creatures
  A gnoll bouda (D:3)
  Jessica (D:3)
  3 orc wizards
  Robin (D:2)
  3 gnolls (D:3)
  An adder (D:2)
  2 worms (D:2)
  A dart slug (D:2)
  2 orcs
  7 bats
  2 endoplasms
  A giant cockroach (D:1)
  8 goblins
  8 hobgoblins
  5 kobolds
  A quokka (D:1)
  5 ball pythons
  2 frilled lizards
  2 rats (D:1)
56 creatures vanquished.

Vanquished Creatures (others)
  An orc wizard (D:2)
1 creature vanquished.

Grand Total: 57 creatures vanquished

Notes
Turn   | Place    | Note
-------+----------+-------------------------------------------
     0 | D:1      | warriortoast the Barachi Fighter began the quest for the
                  | Orb.
     0 | D:1      | Reached XP level 1. HP: 18/18 MP: 1/1
    95 | D:1      | Reached XP level 2. HP: 24/25 MP: 2/2
   114 | D:1      | Reached skill level 4 in Fighting
   344 | D:1      | Reached XP level 3. HP: 25/30 MP: 3/3
   810 | D:2      | Reached skill level 1 in Throwing
   990 | D:2      | Noticed Robin
  1003 | D:1      | Reached XP level 4. HP: 21/38 MP: 4/4
  1201 | D:2      | Killed Robin
  1491 | D:3      | Noticed Jessica
  1769 | D:3      | Killed Jessica
  1822 | D:3      | Reached XP level 5. HP: 34/43 MP: 5/5
  2022 | D:2      | Reached skill level 5 in Fighting
  2514 | D:3      | Found a sacrificial altar of Ru.
  2578 | D:3      | Reached XP level 6. HP: 20/51 MP: 6/6
  3040 | D:4      | Noticed a steam dragon
  3052 | D:4      | Engulfed by a steam dragon's steam

Illustrated notes

Levels and vault maps discovered:
D:1:      lightli_arrival_isolated_outpost, layout_loops_ring,
          amcnicky_mini_corridor_feature
D:2:      layout_loops_ring, uniq_robin
D:3:      layout_rooms, mainiacjoe_overflow_boulevard, uniq_jessica
D:4:      layout_gridville, mainiacjoe_overflow_24_doors, enter_ossuary_1

Skill      XL: |  1  2  3  4  5 |
---------------+----------------+-----
Fighting       | 4 5 |  5.5
Axes           | 3 4 |  4.3
Throwing       | 1 2 |  2.7
Armour         | |  3.7
Shields        | |  3.3

Action                     |  1- 3 |  4- 6 || total
---------------------------+-------+-------++-------
  Melee: War axe           |    97 |    24 ||   121
         Mace              |       |    66 ||    66
  Throw: Boomerang         |     4 |    26 ||    30
    Use: Scroll            |       |     3 ||     3
 Armour: Scale mail        |    66 |    85 ||   151
  Dodge: Dodged            |    62 |    50 ||   112
  Block: Buckler           |    27 |    22 ||    49

Table legend: (Time is in decaauts)
 A = Elapsed time spent in this place.
 B = Non-inter-level travel time spent in this place.
 C = Inter-level travel time spent in this place.
 D = Time resting spent in this place.
 E = Time spent auto-exploring this place.
 F = Levels seen in this place.
 G = Mean time per level.
                   A        B        C        D        E       F      G
               +--------+--------+--------+--------+--------+-----+--------+
         Total |   3438 |   3274 |    164 |   1127 |   1462 |   4 |  859.5 |
       Dungeon |   3438 |   3274 |    164 |   1127 |   1462 |   4 |  859.5 |
               +--------+--------+--------+--------+--------+-----+--------+

Top non-repeatable levels by time:
     D:2: 1408 daAuts
     D:3: 1055 daAuts
     D:1: 949 daAuts
     D:4: 24 daAuts
